 Dungeon Crawl Stone Soup version 0.17.2-1-ge4368a0 (webtiles) character file.

317 Goblin1989 the Cudgeler (level 6, 0/47 HPs)
             Began as a Demonspawn Fighter on Sept 27, 2016.
             Was an Initiate of Gozag.
             Slain by an orc wizard
             ... wielding a +0 falchion
              (3 damage)
             ... on level 5 of the Dungeon.
             The game lasted 00:09:38 (2931 turns).

Goblin1989 the Cudgeler (Demonspawn Fighter)        Turns: 2931, Time: 00:09:39

Health: 0/47       AC: 10    Str: 18    XL:     6   Next: 20%
Magic:  6/6        EV:  7    Int: 15    God:    Gozag
Gold:   272        SH:  9    Dex: 14    Spells: 0 memorised, 5 levels left

rFire  . . .     SeeInvis .     a - +0 flail
rCold  . . .     Clarity  .     b - +0 scale mail
rNeg   . . .     SustAt   +     c - +0 shield
rPois  .         Gourm    .     (helmet restricted)
rElec  .         Spirit   .     (no cloak)
rCorr  .         Warding  .     p - +0 pair of gloves
rMut   .         Stasis   .     k - +2 pair of boots
MR     .....                    r - amulet of regeneration
Stlth  +.........               (no ring)
                                s - ring of sustain attributes

@: brilliant, very slightly contaminated, hasted, very quick, not resistant to
hostile enchantments, very unstealthy
A: antennae 1, thin skeletal structure 1, powered by pain 2
a: Potion Petition, Call Merchant, Bribe Branch, Renounce Religion


You were on level 5 of the Dungeon.
You worshipped Gozag.
Gozag was noncommittal.
You were very hungry.

You visited 1 branch of the dungeon, and saw 5 of its levels.

You collected 296 gold pieces.
You paid 24 gold pieces to Gozag.

Inventory:

Hand Weapons
 a - a +0 flail (weapon)
Armour
 b - a +0 scale mail (worn)
 c - a +0 shield (worn)
 k - a +2 pair of boots (worn)
 p - a +0 pair of gloves (worn)
 u - a +0 helmet
Jewellery
 r - an amulet of regeneration (around neck)
 s - a ring of sustain attributes (left hand)
Wands
 x - a wand of cold (5)
 E - a wand of enslavement (17)
Scrolls
 l - 3 scrolls of teleportation {unknown}
 m - 2 scrolls of remove curse {unknown}
 n - a scroll of enchant weapon {unknown}
 t - a scroll of immolation {unknown}
 v - a scroll of identify {unknown}
Potions
 d - 2 potions of might
 g - 2 potions of cure mutation {unknown}
 h - 2 potions of heal wounds {unknown}
 i - 2 potions of brilliance
 j - a potion of haste {@q3}
 o - 2 potions of curing {@q1}
 q - a potion of degeneration {unknown}
 w - a potion of lignification {unknown}
 A - a potion of berserk rage {unknown}
Comestibles
 e - 2 bread rations
 f - a meat ration
 z - a beef jerky


   Skills:
 - Level 3.0 Fighting
 + Level 6.0 Maces & Flails
 - Level 2.6 Armour
 - Level 2.6 Shields


You had 5 spell levels left.
You didn't know any spells.

Dungeon Overview and Level Annotations

Branches:
Dungeon (6/15)
 Temple: D:4-7

Altars:
Gozag
Kikubaaqudgha
Vehumet
Zin


Innate Abilities, Weirdness & Mutations

You have a pair of small antennae on your head.
You have a somewhat thin skeletal structure (Dex +2, Stealth).
You sometimes gain power by taking damage.


Message History

The orc wizard is almost dead.
The orc wizard hits you with a falchion.
* * * LOW HITPOINT WARNING * * *
You barely miss the orc wizard.
The orc wizard is almost dead.
You block the orc wizard's attack.
You miss the orc wizard.
The orc wizard is almost dead.
You block the orc wizard's attack.
Your shield prevents you from hitting the orc wizard.
The orc wizard is almost dead.
You block the orc wizard's attack.
You closely miss the orc wizard.
The orc wizard is almost dead.
The orc wizard hits you but does no damage.
You hit the orc wizard but do no damage.
The orc wizard is almost dead.
The orc wizard hits you with a falchion.
You die...
Your body crumbles into a pile of gold.

ਜ.ਜਜਜਜ..ਜ ਜ......ਜਜ
ਜਜਜ.....ਜਜਜਜਜ...........
ਜ...............>.....
ਜਜਜ.....................
........................
........................
....................ਜ..ਜ
.......ਜ.......($.......
................@o......
........ਜਜਜਜਜ....$ਜ.ਜਜ.ਜ
......ਜ[........$$...ਜ
.......ਜਜਜਜ.ਜਜਜਜਜ......ਜ
...>......ਜ.ਜ ਜਜ.....
ਜ......ਜਜ.ਜ.ਜ


ਜਜਜਜ ..... ਜ...........ਜਜ.... .... ਜ.ਜ...ਜ.ਜ......... .... ਜ.....ਜ....ਜ....ਜ .
... You could see an orc wizard.

Vanquished Creatures
  A sky beast (D:5)
  A crimson imp (D:5)
  A jelly (D:5)
  An orc wizard (D:5)
  6 adders
  2 oozes (D:2)
  3 worms
  A giant gecko (D:5)
  2 orcs (D:5)
  9 bats
  3 giant cockroaches
  7 goblins
  12 hobgoblins
  A quokka (D:2)
  A giant newt (D:1)
  5 jackals
  7 kobolds
  9 rats
72 creatures vanquished.

Notes
Turn   | Place    | Note
--------------------------------------------------------------
     0 | D:1      | Goblin1989 the Demonspawn Fighter began the quest for the Orb.
     0 | D:1      | Reached XP level 1. HP: 18/18 MP: 1/1
    73 | D:1      | jacquesderrida: hi
    88 | D:1      | jacquesderrida: che tyt y nac
   232 | D:1      | jacquesderrida: PRAY FOR DEMAN POWERS
   266 | D:1      | jacquesderrida: TAPKI
   406 | D:1      | jacquesderrida: naissss
   425 | D:1      | Gained mutation: You sometimes gain a little power by taking damage. [demonic ancestry]
   425 | D:1      | Reached XP level 2. HP: 24/24 MP: 2/2
   441 | D:1      | jacquesderrida: gud
  1282 | D:2      | Gained mutation: You have a somewhat thin skeletal structure (Dex +2, Stealth). [demonic ancestry]
  1282 | D:2      | Reached XP level 3. HP: 22/29 MP: 3/3
  1746 | D:2      | Found an ancient bone altar of Kikubaaqudgha.
  1746 | D:2      | Found an opulent altar of Gozag.
  1748 | D:2      | Found a radiant altar of Vehumet.
  1753 | D:2      | Gained mutation: You sometimes gain power by taking damage. [demonic ancestry]
  1753 | D:2      | Reached XP level 4. HP: 35/35 MP: 4/4
  1759 | D:2      | Became a worshipper of Gozag Ym Sagoz the Greedy
  1760 | D:2      | jacquesderrida: zhest
  1763 | D:2      | Reached skill level 4 in Maces & Flails
  1776 | D:2      | jacquesderrida: vtoroi level powered by pain
  1898 | D:2      | jacquesderrida: К четвертому уровню
  1924 | D:2      | jacquesderrida: Нехуево!
  1924 | D:2      | jacquesderrida: FREE MIGHT ALL DAY
  2307 | D:3      | Found a glowing silver altar of Zin.
  2670 | D:3      | You fall through a shaft for 3 floors!
  2670 | D:3      | LouisFerdinandCeline: хуя
  2671 | D:6      | LouisFerdinandCeline: чё я вижу
  2675 | D:5      | Entered Level 5 of the Dungeon
  2680 | D:5      | Reached XP level 5. HP: 38/41 MP: 5/5
  2686 | D:5      | Reached skill level 5 in Maces & Flails
  2774 | D:5      | LouisFerdinandCeline: это какой то мискаст
  2781 | D:5      | LouisFerdinandCeline: или чё
  2781 | D:5      | jacquesderrida: Луидоришка фрондушка селедушка
  2813 | D:5      | LouisFerdinandCeline: чё тут хелл сентинель играет
  2850 | D:5      | Noticed a sky beast
  2861 | D:5      | Killed a sky beast
  2861 | D:5      | Gained mutation: You have a pair of small antennae on your head. [demonic ancestry]
  2861 | D:5      | Reached XP level 6. HP: 47/47 MP: 6/6
  2892 | D:5      | jacquesderrida: Premium mayne
  2900 | D:5      | Reached skill level 6 in Maces & Flails
  2909 | D:5      | jacquesderrida: TOP BLING SWAG ALL DAY
  2910 | D:5      | jacquesderrida: Y O L O
  2910 | D:5      | jacquesderrida: O
  2910 | D:5      | jacquesderrida: L
  2910 | D:5      | jacquesderrida: O
  2912 | D:5      | jacquesderrida: Vyebli chet
  2924 | D:5      | HP: 2/47 [orc wizard/falchion (5)]
  2931 | D:5      | Slain by an orc wizard

Action                   |  1- 3 |  4- 6 || total
-------------------------+-------+-------++-------
Melee: Flail             |   145 |   195 ||   340
  Use: Potion            |       |     3 ||     3
 Stab: Distracted        |       |     1 ||     1
  Eat: Chunk             |    10 |       ||    10

Vault maps used:
D:1:      lemuel_arrival_tunnels
D:2:      gammafunk_temple_overflow_forgotten
D:3:      lemuel_doored_altar, grunt_ministairs_10, uniq_natasha
D:5:      first_bread, minivault_24, small_statue_alley_b, uniq_blork_the_orc
D:6:      nicolae_dithmenos_shadow_blocks, serial_shops,
          nicolae_shop_window_shopping, xom_teletrap_fun
